 Dungeon Crawl Stone Soup version 0.20-a0-71-g11d6418 (webtiles) character file.

105 KristoblXynda the Chucker (level 4, -1/36 HPs)
             Began as a Draconian Hunter on Nov 18, 2016.
             Slain by Natasha (8 damage)
             ... on level 2 of the Dungeon.
             The game lasted 00:03:16 (2113 turns).

KristoblXynda the Chucker (Draconian Hunter)        Turns: 2113, Time: 00:03:17

Health: -1/36      AC:  5    Str: 15    XL:     4   Next: 53%
Magic:  4/4        EV: 13    Int: 12    God:
Gold:   104        SH:  0    Dex: 11    Spells: 0 memorised, 3 levels left

rFire  . . .     SeeInvis .     j - +0 hand axe
rCold  . . .     Gourm    .     (armour unavailable)
rNeg   . . .     Faith    .     (no shield)
rPois  .         Spirit   .     (helmet restricted)
rElec  .         Reflect  .     (no cloak)
rCorr  .         Harm     .     (no gloves)
MR     .....                    (no boots)
Stlth  +.........               (no amulet)
                                (no ring)
                                (no ring)

@: slowed, very slow
A: unfitting armour, cold-blooded, AC +5
a: no special abilities


You were on level 2 of the Dungeon.
You were very hungry.

You visited 1 branch of the dungeon, and saw 2 of its levels.

You collected 104 gold pieces.

Inventory:

Hand Weapons
 j - a +0 hand axe (weapon)
 n - a +1 short sword of holy wrath
Missiles
 b - 6 javelins (quivered)
 c - 2 throwing nets
Scrolls
 f - 2 scrolls of identify
 g - a scroll of recharging {unknown}
 k - a scroll of amnesia
Potions
 e - 2 potions of invisibility
 o - a potion of mutation
 q - 2 potions of curing
Comestibles
 d - a bread ration
 h - 2 meat rations
 i - a slice of pizza


   Skills:
 - Level 2.1 Fighting
 + Level 4.5 Throwing
 + Level 3.3 Dodging
 - Level 1.1 Stealth


You had 3 spell levels left.
You didn't know any spells.

Dungeon Overview and Level Annotations

Branches:
Dungeon (2/15)

Altars:
Trog

Annotations:
D:2 Natasha


Innate Abilities, Weirdness & Mutations

Your plain brown scales are hard. (AC +5)
You cannot fit into any form of body armour.
You are cold-blooded and may be slowed by cold attacks.


Message History

Natasha is heavily wounded.
You hit the white imp but do no damage. Natasha claws you!
The white imp gestures at you. The puff of frost misses you.
Natasha claws you but does no damage.
You hit Natasha.
Natasha is severely wounded.
You barely miss the white imp.
The white imp hits you but does no damage.
Natasha barely misses you. The white imp gestures at you.
The puff of frost hits you!
* * * LOW HITPOINT WARNING * * *
Natasha howls an incantation.
You feel disoriented. Natasha claws you.
* * * LOW HITPOINT WARNING * * *
You feel better. The white imp gestures at you. The puff of frost misses you.
Natasha claws you!
You die...

############
#..........# ##
#...h......+ ..
#....@.....# #
#...5......#
#####+#'#### #.#...#
########## ####
#.#.#.###.........
#...##>................
#...##.#.#.###........†
#...##.#.#.# #.........
#...##...#.# #.........


You could see Natasha and a white imp.

Vanquished Creatures
  Ijyb (D:2)
  An adder (D:2)
  An ooze (D:1)
  3 worms (D:2)
  A dart slug (D:2)
  3 leopard geckos (D:1)
  3 ball pythons
  4 giant cockroaches
  4 goblins
  5 hobgoblins
  7 jackals
  A quokka (D:2)
  3 bats
  A frilled lizard (D:1)
  5 kobolds
  8 rats
51 creatures vanquished.

Notes
Turn   | Place    | Note
-------+----------+-------------------------------------------
     0 | D:1      | KristoblXynda the Draconian Hunter began the quest for the Orb.
     0 | D:1      | Reached XP level 1. HP: 17/17 MP: 1/1
    42 | D:1      | Reached skill level 1 in Stealth
    64 | D:1      | Reached XP level 2. HP: 17/24 MP: 2/2
   562 | D:1      | Found a bloodstained altar of Trog.
   566 | D:1      | Reached skill level 4 in Throwing
   573 | D:1      | Reached XP level 3. HP: 27/29 MP: 3/3
  1162 | D:2      | Noticed Ijyb
  1170 | D:2      | Killed Ijyb
  1445 | D:2      | Reached XP level 4. HP: 27/36 MP: 4/4
  2103 | D:2      | Noticed Natasha
  2112 | D:2      | HP: 1/36 [Natasha (2)]
  2113 | D:2      | Slain by Natasha

Vault maps used:
D:1:      minmay_arrival_plants_in_alcoves, minmay_hexomino_r4
D:2:      uniq_natasha, uniq_iyjb

Skill      XL: |  1  2  3 |
---------------+----------+-----
Stealth        | 1 |  1.1
Dodging        | 2 3 |  3.3
Throwing       | 4 |  4.5
Fighting       | |  2.1

Action                   |  1- 3 |  4- 6 || total
-------------------------+-------+-------++-------
Melee: Short sword       |    76 |       ||    76
       Tailslap          |    15 |     4 ||    19
       Hand axe          |    47 |    76 ||   123
Throw: Javelin           |     2 |       ||     2
  Use: Scroll            |     7 |       ||     7
       Potion            |       |     1 ||     1
 Stab: Sleeping          |     2 |     2 ||     4
  Eat: Chunk             |     1 |     2 ||     3
Armor: Skin              |    40 |    42 ||    82
Dodge: Dodged            |   104 |    84 ||   188
